Map: Lightshade LE

Players

Captaincave

  • Race: Terran Terran
  • League: Diamond
  • Spawn Location: 5:00

Notausername - Winner!

  • Race: Protoss Protoss
  • League: Diamond
  • Spawn Location: 11:00

VOD

Have the link to the VOD?

Description

Time

  • Played on: Oct. 18, 2020, 11:20 a.m.
  • Length: 5:07
Show
View Real Time Build Order
Export as new Build Order

Captaincave Terran 

Build Orders: Reaper Expand 

Get SALT Encoding   

  12  0:00  SCV  
  13  0:15  SCV  
  13  0:17  Supply Depot  
  14  0:28  SCV  
  15  0:40  SCV  
  15  0:41  Barracks  
  16  0:46  Refinery  
  16  0:52  SCV  
  17  1:05  SCV  
  18  1:17  SCV  
  19  1:29  Orbital Command  
  19  1:31  Reaper  
  20  1:46  Command Center  
  20  2:01  Bunker  
  20  2:02  SCV  
  20  2:03  Marine  
  22  2:11  Factory  
  22  2:16  SCV  
  23  2:26  Barracks Reactor  
  23  2:31  Supply Depot  
  23  2:38  Refinery  
  23  2:52  SCV  
  23  2:56  Hellion  
  25  3:02  Marine x2  
  25  3:04  SCV  
  27  3:20  Widow Mine, Marine x2  
  27  3:24  SCV  
  30  3:37  Orbital Command  
  28  4:00  Marine x2  
  28  4:01  Factory Tech Lab  
  25  4:18  SCV  
  25  4:19  SCV, Marine x2  
  25  4:20  Siege Tank  
  32  4:30  SCV  
  33  4:32  SCV  
  33  4:36  Starport  
  34  4:38  Barracks  
  34  4:41  Barracks  
  34  4:42  Orbital Command  
Show
View Real Time Build Order
Export as new Build Order

Notausername Protoss - Winner!

Build Orders:  

Get SALT Encoding   

  12  0:02  Probe  
  14  0:14  Probe  
  14  0:17  Pylon  
  14  0:26  Probe  
  14  0:27  Assimilator  
  15  0:38  Probe  
  16  0:44  Gateway  
  16  0:52  Pylon  
  16  0:56  Probe (Chrono Boost)  
  17  1:06  Probe (Chrono Boost)  
  18  1:13  Gateway  
  18  1:25  Gateway  
  18  1:36  Cybernetics Core  
  18  1:43  Assimilator  
  18  1:59  Probe  
  19  2:12  Stalker (Chrono Boost)  
  19  2:13  Stalker (Chrono Boost)  
  25  2:15  Warp Gate (Chrono Boost)  
  25  2:20  Stalker (Chrono Boost)  
  25  2:26  Pylon  
  25  2:33  Stalker (Chrono Boost)  
  27  2:59  Stalker x2  
  31  3:20  Stalker  
  33  3:29  Pylon  
  33  3:34  Stalker  
  33  3:35  Stalker  
  33  4:06  Probe  
  30  4:18  Stalker x3  
  34  4:49  Stalker x2  
  34  4:50  Stalker  
Tags
 
Add a new tag
Caveats
  • Supply blocks, unpowered buildings, or Contaminate may cause inaccurate times.
  • Supply counts are checked every 10 seconds.